AoeStats
← FaceChair

Four Lakes

507616623Analyzed
1v1 RM · 14d ago on Sep 19, 2026· 40m 55s· 2 players
Game mode
Random Map
Map size
Tiny (2 player)
Population
200
Speed
Normal
Resources
Standard
Victory
Conquest
Starting age
Dark Age
Ending age
Imperial Age
RankedLock teamsTeams togetherTeam positionsShared explorationLock speedFull tech treeHidden civsTurbo modeCheats
Victory
Defeat
🇨🇴 Malay · Colombia
1076
+18
🇧🇷 Magyars · Brazil
1113
-18
FaceChair
4:17 Loom
5:29 Loom
8:39 Loom
13:01 Feudal Age
13:17 Fishing Lines
19:16 Gold Mining
22:28 Castle Age
20:20 Double-Bit Axe
21:53 Fletching
22:59 Gillnets
23:04 Crossbowman
23:44 Bodkin Arrow
24:27 Gold Shaft Mining
26:36 Thumb Ring
29:36 Bow Saw
30:15 Padded Archer Armor
30:59 Murder Holes
32:18 Squires
31:40 Pikeman
33:06 Treadmill Crane
34:17 Forging
36:06 Thumb Ring
37:55 Ballistics
39:41 Iron Casting
39:52 Masonry
40:19 Wheelbarrow
39:55 Squires
LEVIR NERES
6:59 Loom
10:29 Feudal Age
11:01 Double-Bit Axe
21:04 Wheelbarrow
23:01 Castle Age
21:25 Scale Barding Armor
21:41 Gold Mining
23:07 Wheelbarrow
22:28 Horse Collar
30:28 Chain Barding Armor
Connection lost

Rejoining the realm…

Still unreachable

The connection could not be restored.

Session expired

The server has moved on; the page needs a fresh start.